 Dungeon Crawl Stone Soup version 0.26.1-11-gd32895ea62 (webtiles) character file.

Game seed: 2767312623532127135

140911 sankara the Severer (level 16, -24/136 HPs)
             Began as a Minotaur Fighter on July 1, 2021.
             Was the Champion of Makhleb.
             Killed from afar by a balrug (63 damage)
             ... with a bolt of fire
             ... on level 3 of the Abyss.
             The game lasted 01:31:37 (25462 turns).

sankara the Severer (Minotaur Fighter)             Turns: 25462, Time: 01:31:38

Health: -24/136    AC: 35    Str: 19    XL:     16   Next: 77%
Magic:  18/18      EV: 16    Int:  7    God:    Makhleb [******]
Gold:   1597       SH: 16    Dex: 15    Spells: 15/15 levels left

rFire    x . .     SeeInvis .   a - +9 broad axe (freeze)
rCold    + . .     Faith    .   v - +2 kite shield {AC+3}
rNeg     + . .     Spirit   .   H - +1 pearl dragon scales
rPois    +         Reflect  .   (helmet restricted)
rElec    .         Harm     .   d - +0 cloak {rPois}
rCorr    .         Rampage  .   h - +1 pair of gloves {archery}
Will     +....                  k - +0 pair of boots
Stlth    ..........             u - amulet of regeneration
HPRegen  0.72/turn              m - ring of the Tortoise {AC+8}
MPRegen  0.16/turn              L - ring of Xodirhin {Ice +Fly Str+2}

@: liquid flames, glowing
A: retaliatory headbutt, horns 2, [low mp 2], [weak 2], [subdued magic 2]
a: Renounce Religion, Evoke Flight, Minor Destruction, Lesser Servant of
Makhleb, Major Destruction, Greater Servant of Makhleb


You were on level 3 of the Abyss.
You worshipped Makhleb.
Makhleb was exalted by your worship.
You visited 5 branches of the dungeon, and saw 25 of its levels.
You visited the Abyss 1 time.
You also visited: Ossuary, Gauntlet and Ice Cave.

You collected 2871 gold pieces.
You spent 1274 gold pieces at shops.

Inventory:

Hand Weapons
 a - a +9 broad axe of freezing (weapon)
Missiles
 e - 59 poisoned darts
 i - 14 javelins
 l - 23 boomerangs
 o - a throwing net
 A - 7 boomerangs of dispersal
 D - 8 curare-tipped darts
 O - 146 stones
 V - 28 silver javelins
Armour
 d - a +0 cloak of poison resistance (worn)
 h - a +1 pair of gloves of archery (worn)
 k - a +0 pair of boots (worn)
 v - a +2 kite shield of protection (worn)
 H - +1 pearl dragon scales (worn)
Jewellery
 b - an uncursed ring of positive energy
 m - the ring of the Tortoise (left hand) {AC+8}
   (You found it in a Gauntlet)

   [ring of protection]

   It affects your AC (+8).
 n - an uncursed ring of positive energy
 u - an amulet of regeneration (around neck)
 C - an uncursed ring of poison resistance
 I - an uncursed ring of fire
 J - an uncursed ring of protection from cold
 L - the ring of Xodirhin (right hand) {Ice +Fly Str+2}
   (You took it off a wight on level 11 of the Dungeon)

   [ring of ice]

   It enhances your ice magic.
   It affects your strength (+2).
   It makes you vulnerable to fire.
   It protects you from cold.
   It lets you fly.
 Z - an uncursed ring of protection from fire
Wands
 c - a wand of enslavement (7)
 y - a wand of paralysis (41)
 E - a wand of digging (8)
 M - a wand of iceblast (11)
 U - a wand of acid (20)
Scrolls
 f - 4 scrolls of blinking
 g - 16 scrolls of remove curse
 p - 11 scrolls of teleportation
 t - 2 scrolls of magic mapping
 w - a scroll of enchant weapon
 x - 2 scrolls of fog
 K - 3 scrolls of identify
 Q - 3 scrolls of fear
Potions
 j - 4 potions of cancellation
 q - 3 potions of heal wounds
 r - 8 potions of lignification
 s - a potion of berserk rage
 z - 14 potions of curing
 B - 4 potions of magic
 F - a potion of mutation
 N - 3 potions of brilliance
 R - a potion of invisibility
Miscellaneous
 S - a condenser vane
 X - a phantom mirror
 Y - a lightning rod (4/4)


   Skills:
 + Level 10.9 Fighting
 - Level 20.0 Axes
 + Level 6.4 Throwing
 + Level 15.5 Armour
 + Level 10.8 Dodging
 - Level 15.0 Shields
 + Level 10.3 Invocations


You had 15 spell levels left.
You didn't know any spells.
Your spell library contained the following spells:

 Spells                   Type           Power        Failure   Level
 Animate Skeleton         Necr           0%           67%         1
 Apportation              Tloc           0%           67%         1
 Corona                   Hex            0%           67%         1
 Foxfire                  Conj/Fire      0%           67%         1
 Sandblast                Erth           0%           67%         1
 Shock                    Conj/Air       0%           67%         1
 Summon Small Mammal      Summ           0%           67%         1
 Call Imp                 Summ           0%           82%         2
 Ensorcelled Hibernation  Hex/Ice        0%           82%         2
 Passwall                 Tmut/Erth      0%           82%         2
 Poisonous Vapours        Pois/Air       0%           82%         2
 Sublimation of Blood     Necr           0%           82%         2
 Swiftness                Air            0%           82%         2
 Call Canine Familiar     Summ           0%           96%         3
 Conjure Flame            Conj/Fire      0%           96%         3
 Ignite Poison            Fire/Tmut/Pois 0%           96%         3
 Inner Flame              Hex/Fire       0%           96%         3
 Mephitic Cloud           Conj/Pois/Air  0%           96%         3
 Ozocubu's Armour         Ice            0%           96%         3
 Static Discharge         Conj/Air       0%           96%         3
 Stone Arrow              Conj/Erth      0%           96%         3
 Summon Guardian Golem    Hex/Summ       0%           96%         3
 Airstrike                Air            0%           100%        4
 Ice Form                 Ice/Tmut       0%           100%        4
 Petrify                  Tmut/Erth      0%           100%        4
 Sticky Flame             Conj/Fire      0%           100%        4
 Summon Ice Beast         Ice/Summ       0%           100%        4
 Summon Lightning Spire   Summ/Air       0%           100%        4
 Alistair's Intoxication  Tmut/Pois      0%           100%        5
 Bolt of Magma            Conj/Fire/Erth 0%           100%        5
 Fireball                 Conj/Fire      0%           100%        5
 Irradiate                Conj/Tmut      0%           100%        5
 Lee's Rapid Deconstruct  Erth           0%           100%        5
 Lightning Bolt           Conj/Air       0%           100%        5
 Silence                  Hex/Air        0%           100%        5
 Conjure Ball Lightning   Conj/Air       0%           100%        6
 Eringya's Noxious Bog    Tmut/Pois      0%           100%        6
 Freezing Cloud           Conj/Ice/Air   0%           100%        6
 Ozocubu's Refrigeration  Ice            0%           100%        6
 Tornado                  Air            0%           100%        9


Dungeon Overview and Level Annotations

Branches:
Dungeon (15/15)            Temple (1/1) D:6            Lair (6/6) D:8
  Swamp (1/4) Lair:4       Spider (0/4) Lair:3        Slime (0/5) Lair:6
    Orc (2/2) D:12            Elf (0/3) Orc:2        Vaults (0/5) D:13
 Depths (0/5) D:15        Ossuary (visited)           IceCv (visited)
Gauntlet (visited)

Altars:
Ashenzari
Cheibriados
Dithmenos
Elyvilon
Fedhas
Gozag
Hepliaklqana
Kikubaaqudgha
Makhleb
Nemelex Xobeh
Okawaru
Qazlal
Ru
Sif Muna
Trog
Uskayaw
Vehumet
Wu Jian
Xom
Yredelemnul
Zin
The Shining One
Beogh
Jiyva

Shops:
D:10 }   Orc:1 !   Orc:2 }[}[

Annotations:
Lair:2 exclusion: 3 oklob plants
Swamp:1 Louise


Innate Abilities, Weirdness & Mutations

You reflexively headbutt those who attack you in melee.
You have a pair of horns on your head.
[Your magical capacity is very low. (-20% MP)]
[You are very weak. (Str -4)]
[Your spells are easier to cast, but less powerful.]


Message History

The wretched star pulses with an eldritch light!
Your connection to magic feels subdued.
Your connection to magic feels more subdued.
Your Executioner twists and deforms.
Unknown command.
You slash the balrug! You freeze the balrug.
The balrug is almost dead.
You hit the sun demon. You freeze the sun demon.
You are covered in liquid flames!
* * * LOW HITPOINT WARNING * * *
Your Executioner hits the balrug but does no damage.
Your Executioner completely misses the balrug.
Your Executioner closely misses the balrug.
The sun demon hits your Executioner!
Your Executioner is engulfed in flames!
Your Executioner resists.
Your Executioner gestures.
Your Executioner seems to speed up.
The balrug gestures at you. The bolt of fire hits you!!!
The fire burns you terribly!
You die...

... #... ..≈#
≈.... #...
##++##..... #
#...≈≈≈.≈..≈..
.....#.3.4.#
##...###32.##
#.....#.@1..#..
#...............
###...............
##.....##.#.*.##.#
..#### .##.#.## #
.# .#... .... ..#
.# .## ...#. # ..
.( .#.# #..#.. #..
..


You could see a balrug, a wretched star, 2 sun demons, a red devil and a
friendly Executioner (summoned, fast, misshapen).

Vanquished Creatures
  2 stone giants (Orc:2)
  2 bunyips (Swamp:1)
  A minotaur (Gauntlet)
  Nessos (D:14)
  Josephine (Lair:4)
  A rakshasa (D:15)
  A fire dragon (D:14)
  6 hydras
  3 boulder beetles
  3 catoblepae (Lair:6)
  The ghost of sixsigma the Destroyer, a journeyman GnCj of Cheibriados (Lair:1)
  3 centaur warriors
  5 ogre magi
  17 two-headed ogres
  An alligator (Swamp:1)
  2 death scarabs (Gauntlet)
  2 orc high priests (Orc:1)
  A queen ant (Lair:3)
  16 death yaks
  Urug (Lair:4)
  4 skeletal warriors
  A goliath frog (Swamp:1)
  A sixfirhy (Abyss:3)
  A spriggan druid (Swamp:1)
  A fire crab (Gauntlet)
  A spectral death yak (Gauntlet)
  2 unseen horrors
  3 orc knights
  3 bog bodies (Swamp:1)
  A spectral hydra (Gauntlet)
  A wizard (D:14)
  A lindwurm (Lair:4)
  2 glowing orange brains
  A necromancer (IceCv)
  2 oklob plants
  2 orc sorcerers (Orc:1)
  4 cyclopes
  A manticore (shapeshifter) (D:15)
  4 manticores
  2 will-o-the-wisps (Swamp:1)
  10 ugly things (D:15)
  16 slime creatures
  3 elephants (Lair:4)
  5 black mambas
  3 ice statues (IceCv)
  Psyche (D:8)
  11 cane toads
  A torpor snail (Lair:5)
  3 gargoyles
  5 rime drakes
  2 kobold demonologists (D:13)
  8 komodo dragons
  A cane toad (shapeshifter) (D:15)
  7 ice devils (IceCv)
  10 trolls
  5 meliai (D:14)
  2 tyrant leeches (Swamp:1)
  A polar bear (shapeshifter) (D:13)
  4 raiju (Abyss:3)
  Grinder (D:4)
  2 polar bears
  A hornet (D:14)
  23 blink frogs
  A spectral black mamba (Gauntlet)
  A redback (Lair:3)
  Sigmund (D:2)
  6 flying skulls (Abyss:3)
  8 wraiths
  A vampire (D:12)
  58 yaks
  5 wyverns
  A basilisk (Lair:3)
  6 fire bats (Gauntlet)
  Menkaure (D:6)
  11 vampire mosquitoes
  A swamp worm (shapeshifter) (D:14)
  A hell hound (Gauntlet)
  4 swamp worms (Swamp:1)
  A spectral cane toad (Gauntlet)
  2 acid dragons
  20 soldier ants (Lair:3)
  15 water moccasins
  5 wargs
  A large abomination (Abyss:3)
  26 orc warriors
  5 sky beasts
  2 swamp drakes (Swamp:1)
  2 black bears
  A hornet zombie (D:12)
  2 ice beasts
  An eye of draining (D:8)
  A necrophage (D:8)
  40 ogres
  A phantom (D:8)
  21 wolves
  9 centaurs
  7 big kobolds
  A gnoll sergeant (D:9)
  11 bullfrogs
  2 wyvern zombies (Ossuary)
  A water moccasin zombie (D:8)
  2 scorpions
  3 wyvern skeletons
  10 killer bees
  14 wights
  7 electric eels
  6 howler monkeys
  6 centaur zombies
  2 draconian simulacra (IceCv)
  5 bullfrog zombies
  A quasit (D:6)
  Crazy Yiuf (D:7)
  A gnoll shaman (D:6)
  8 hounds
  5 jellies
  19 orc priests
  9 centaur skeletons
  21 orc wizards
  Terence (D:3)
  A bullfrog skeleton (D:8)
  8 iguanas
  3 hell rats (Lair:5)
  36 worker ants
  A troll simulacrum (IceCv)
  A spriggan simulacrum (IceCv)
  A small abomination (Abyss:3)
  2 killer bee zombies
  2 centaur simulacra (IceCv)
  3 hound zombies
  2 hound skeletons
  14 mummies
  3 worker ant zombies
  9 gnolls
  A howler monkey skeleton (D:11)
  12 adders
  3 naga simulacra (IceCv)
  An ogre simulacrum (IceCv)
  2 white imps (D:7)
  2 ufetubi
  2 oozes
  3 adder zombies
  A worm (D:3)
  2 dart slugs (D:1)
  7 leopard geckos
  74 orcs
  2 ball pythons
  5 bats
  3 giant cockroaches
  5 goblins
  6 hobgoblins
  8 jackals
  31 kobolds
  4 quokkas
  6 frilled lizards
  A jackal zombie (Ossuary)
  2 quokka zombies (Ossuary)
  8 rats
914 creatures vanquished.

Vanquished Creatures (collateral kills)
  A hydra (Lair:1)
  6 death yaks
  A sun demon (Abyss:3)
  A fire crab (Lair:6)
  An orc knight (D:15)
  2 cane toads
  4 yaks
  A water moccasin (Lair:5)
  An orc warrior (D:15)
  A hell rat (Lair:5)
  An orc (D:15)
  A butterfly (Lair:1)
21 creatures vanquished.

Vanquished Creatures (others)
  An eleionoma (Swamp:1)
  3 bloated husks (Swamp:1)
  8 foxfires (Swamp:1)
  14 fungi
  38 plants
  10 withered plants
74 creatures vanquished.

Grand Total: 1009 creatures vanquished

Notes
Turn   | Place    | Note
-------+----------+-------------------------------------------
     0 | D:1      | sankara the Minotaur Fighter began the quest for the Orb.
     0 | D:1      | Reached XP level 1. HP: 19/19 MP: 0/0
    10 | D:1      | Noticed an electric eel
   167 | D:1      | Reached skill level 3 in Axes
   167 | D:1      | Reached XP level 2. HP: 26/26 MP: 1/1
   581 | D:2      | Reached XP level 3. HP: 31/31 MP: 2/2
   755 | D:2      | Noticed Sigmund
   763 | D:2      | Killed Sigmund
   764 | D:2      | Reached skill level 5 in Axes
   764 | D:2      | Reached XP level 4. HP: 32/39 MP: 3/3
   764 | D:2      | Reached XP level 5. HP: 37/45 MP: 4/4
  1504 | D:3      | Noticed Terence
  1511 | D:3      | Killed Terence
  1512 | D:3      | Reached skill level 5 in Armour
  1512 | D:3      | Reached skill level 5 in Shields
  1525 | D:3      | You fall into a shaft and drop 3 floors!
  1565 | D:6      | Reached XP level 6. HP: 37/51 MP: 5/5
  1666 | D:6      | Found a glowing golden altar of the Shining One.
  1677 | D:6      | Found a staircase to the Ecumenical Temple.
  1694 | Temple   | Entered the Ecumenical Temple
  1789 | Temple   | Became a worshipper of Makhleb the Destroyer
  2063 | D:6      | Reached skill level 6 in Axes
  2064 | D:6      | Noticed an orc warrior
  2079 | D:6      | Killed an orc warrior
  2292 | D:6      | Reached XP level 7. HP: 49/57 MP: 6/6
  2369 | D:6      | Reached skill level 7 in Axes
  2627 | D:6      | Noticed Menkaure
  2636 | D:6      | Killed Menkaure
  3052 | D:5      | Entered Level 5 of the Dungeon
  3113 | D:5      | Got a translucent mace
  3135 | D:5      | Found a sand-covered staircase.
  3140 | Ossuary  | Entered an ossuary
  3150 | Ossuary  | Reached skill level 8 in Axes
  3242 | Ossuary  | Reached * piety under Makhleb
  3265 | Ossuary  | Reached XP level 8. HP: 58/64 MP: 7/7
  3518 | Ossuary  | Reached skill level 9 in Axes
  3698 | D:4      | Noticed Grinder
  3705 | D:4      | Paralysed by Grinder for 3 turns
  3720 | D:4      | Paralysed by Grinder for 3 turns
  3723 | D:4      | Killed Grinder
  3850 | D:4      | Identified the Disquisition on the Rocks and Snow
  4201 | D:3      | Reached ** piety under Makhleb
  4738 | D:4      | Reached skill level 1 in Dodging
  4745 | D:4      | Reached skill level 10 in Axes
  5452 | D:5      | Reached XP level 9. HP: 70/70 MP: 8/8
  5835 | D:7      | Reached skill level 13 in Axes
  5835 | D:7      | Reached skill level 10 in Armour
  5835 | D:7      | Reached skill level 10 in Shields
  5835 | D:7      | Reached XP level 10. HP: 77/77 MP: 9/9
  6019 | D:7      | Reached skill level 1 in Invocations
  6125 | D:7      | Reached *** piety under Makhleb
  6326 | D:7      | Found a runed translucent door.
  6327 | D:7      | Noticed Crazy Yiuf
  6336 | D:7      | Killed Crazy Yiuf
  6814 | D:8      | Found a staircase to the Lair.
  6815 | D:8      | Noticed Psyche
  6819 | D:8      | Killed Psyche
  6958 | D:8      | Reached skill level 14 in Axes
  7319 | Lair:1   | Entered Level 1 of the Lair of Beasts
  7429 | Lair:1   | Noticed a cane toad
  7443 | Lair:1   | Killed a cane toad
  7552 | Lair:1   | Noticed a four-headed hydra
  7577 | Lair:1   | Killed a 12-headed hydra
  7578 | Lair:1   | Reached XP level 11. HP: 22/82 MP: 12/12
  7871 | Lair:1   | Noticed a five-headed hydra
  7891 | Lair:1   | Identified the +10 mace "Killer Bee's Curse" {flame, rF+
                  | Str+4} (You found it on level 5 of the Dungeon)
  7896 | Lair:1   | Killed a five-headed hydra
  7942 | Lair:1   | Noticed sixsigma's ghost (journeyman GnCj)
  7943 | Lair:1   | Found a transporter.
  8252 | Lair:1   | Found a transporter.
  8267 | Lair:1   | Noticed an oklob plant
  8498 | Lair:2   | Noticed a death yak
  8498 | Lair:2   | Noticed a death yak
  8499 | Lair:2   | Noticed a death yak
  8500 | Lair:2   | Noticed a death yak
  8501 | Lair:2   | Noticed a death yak
  8513 | Lair:2   | Killed a death yak
  8522 | Lair:2   | Killed a death yak
  8526 | Lair:2   | Killed a death yak
  8533 | Lair:2   | Killed a death yak
  8534 | Lair:2   | Reached skill level 15 in Axes
  8544 | Lair:2   | Killed a death yak
  8545 | Lair:2   | Reached skill level 5 in Dodging
  9080 | Lair:2   | Found a frozen archway.
  9092 | Lair:2   | Reached XP level 12. HP: 75/91 MP: 14/14
  9098 | IceCv    | Entered an ice cave
  9598 | IceCv    | Reached skill level 5 in Invocations
  9852 | IceCv    | Reached skill level 5 in Fighting
  9882 | IceCv    | Got a crystal mace
 11098 | Lair:3   | Reached skill level 16 in Axes
 11136 | Lair:3   | Reached **** piety under Makhleb
 11151 | Lair:3   | Reached skill level 1 in Throwing
 11306 | Lair:3   | Noticed a queen ant
 11323 | Lair:3   | Reached ***** piety under Makhleb
 11332 | Lair:3   | Killed a queen ant
 11455 | Lair:3   | Found a hole to the Spider Nest.
 12149 | Lair:4   | Found a staircase to the Swamp.
 12161 | Lair:4   | Reached XP level 13. HP: 105/105 MP: 15/15
 12328 | Lair:4   | Noticed Josephine
 12341 | Lair:4   | Killed Josephine
 12342 | Lair:4   | Noticed Urug
 12353 | Lair:4   | Killed Urug
 13052 | Lair:5   | Reached skill level 5 in Throwing
 13655 | Lair:6   | Entered Level 6 of the Lair of Beasts
 13699 | Lair:6   | Identified a scroll of acquirement
 13930 | Lair:6   | Reached XP level 14. HP: 104/116 MP: 18/18
 14226 | Lair:6   | Found a basalt altar of Yredelemnul.
 14380 | Lair:6   | Found a runed translucent door.
 14474 | Lair:6   | Found a viscous altar of Jiyva.
 14476 | Lair:6   | Found a staircase to the Slime Pits.
 15679 | D:9      | Noticed a cacodemon
 16008 | D:9      | Reached ****** piety under Makhleb
 16398 | D:10     | Entered Level 10 of the Dungeon
 16547 | D:10     | You fall into a shaft and drop 1 floor!
 16573 | D:11     | Identified the ring of Xodirhin {Ice +Fly Str+2}
 16989 | D:10     | Found Edi Tomm's Gadget Emporium.
 17412 | D:11     | Reached skill level 10 in Fighting
 18923 | D:12     | Found a staircase to the Orcish Mines.
 19083 | D:12     | Reached XP level 15. HP: 122/126 MP: 20/20
 19574 | D:13     | You fall into a shaft and drop 2 floors!
 19574 | D:15     | Entered Level 15 of the Dungeon
 19580 | D:15     | Reached skill level 17 in Axes
 19710 | D:15     | Found a shimmering altar of Xom.
 19973 | D:14     | Found a gate leading to a gauntlet.
 19994 | Gauntlet | Entered a Gauntlet
 19994 | Gauntlet | Found a transporter.
 19997 | Gauntlet | Found a transporter.
 19998 | Gauntlet | Found a transporter.
 19999 | Gauntlet | Found a transporter.
 20000 | Gauntlet | Found the ring of the Tortoise {AC+8}
 20002 | Gauntlet | Found a transporter.
 20003 | Gauntlet | Found a transporter.
 20012 | Gauntlet | Found a transporter.
 20014 | Gauntlet | Found a transporter.
 20109 | Gauntlet | Found a transporter.
 20121 | Gauntlet | Found a transporter.
 20125 | Gauntlet | Found a transporter.
 20135 | Gauntlet | Found a transporter.
 20361 | Gauntlet | Identified the ring of Boskiar {*Slow +Blink rF+ rN+ SInv}
 20449 | D:14     | Reached skill level 10 in Dodging
 20896 | D:13     | Reached skill level 15 in Shields
 20908 | D:13     | Reached skill level 15 in Armour
 20923 | D:13     | Found a gate to the Vaults.
 21139 | D:14     | Reached skill level 18 in Axes
 21174 | D:14     | Noticed Nessos
 21188 | D:14     | Killed Nessos
 21432 | Orc:1    | Entered Level 1 of the Orcish Mines
 21569 | Orc:1    | Found Zoczazur's Distillery.
 21579 | Orc:1    | Bought a potion of curing for 39 gold pieces
 21579 | Orc:1    | Bought a potion of heal wounds for 65 gold pieces
 21579 | Orc:1    | Bought a potion of curing for 39 gold pieces
 21579 | Orc:1    | Bought a potion of heal wounds for 65 gold pieces
 21838 | Orc:2    | Entered Level 2 of the Orcish Mines
 21892 | Orc:2    | Paralysed by an ogre mage for 5 turns
 21914 | Orc:2    | Reached skill level 19 in Axes
 21945 | Orc:2    | Reached XP level 16. HP: 134/134 MP: 21/21
 21975 | Orc:2    | Found a roughly hewn altar of Beogh.
 22300 | Lair:1   | Killed sixsigma's ghost
 22768 | Orc:2    | Found Ushrit's Gadget Shop.
 22768 | Orc:2    | Found Jesicaul's Antique Armour Shoppe.
 22769 | Orc:2    | Found Xuka's Gadget Shoppe.
 22769 | Orc:2    | Found Roate's Antique Armour Boutique.
 22779 | Orc:2    | Bought an embroidered cloak for 262 gold pieces
 22779 | Orc:2    | Bought a pair of glowing gloves for 262 gold pieces
 22805 | Orc:2    | Bought a pair of runed gloves for 262 gold pieces
 22807 | Orc:2    | Bought a runed scarf for 280 gold pieces
 23018 | Orc:2    | Found a staircase to the Elven Halls.
 24296 | D:15     | Reached skill level 20 in Axes
 24347 | D:15     | Reached skill level 10 in Invocations
 24609 | D:15     | Found a staircase to the Depths.
 24880 | Swamp:1  | Entered Level 1 of the Swamp
 25323 | Swamp:1  | Noticed Louise
 25332 | Swamp:1  | Cast into level 3 of the Abyss (Louise)
 25462 | Abyss:3  | Killed from afar by a balrug

Illustrated notes

Levels and vault maps discovered:
D:1:      arrival_aquarium_a, layout_rooms
D:2:      layout_loops_ring, uniq_sigmund
D:3:      layout_rooms, uniq_terence
D:4:      layout_loops_corners, minmay_goblin_kobold_house, uniq_grinder
D:5:      layout_rooms, enter_ossuary_2, corexii_shack
D:6:      layout_loops_ring, kennysheep_little_box,
          minmay_temple_entry_mini_moons, corexii_leaking_fountain,
          due_unseen_surprise, uniq_menkaure
D:7:      layout_basic, uniq_crazy_yiuf_cottage
D:8:      layout_cave_pools, dpeg_oklobed_lair, lightli_orcish_oven, uniq_psyche
D:9:      layout_roguey, serial_undead, serial_undead_e, serial_undead_e,
          serial_undead_f, serial_undead_e
D:10:     layout_loops_cross, serial_shops, nicolae_shop_crystal,
          serial_bayou_lake_a
D:11:     layout_layer_cave, kennysheep_dice
D:12:     layout_stronghold, erik_orc_4
D:13:     minmay_weird_star, layout_basic, hangedman_vaults_entry_quadrant_bands
D:14:     layout_layer_cave, gauntlet_entry_generic, serial_park_tiny_pond,
          grunt_tough_drop, uniq_nessos
D:15:     gammafunk_enter_depths_forms, layout_irregular_city, moated_statue,
          basic_altar
Temple:   minmay_crystal_snake_temple
Lair:1:   layout_misc_corridors, nzn_ghost_randoct,
          chequers_serial_rivers_large_b, lemuel_fruit_tree,
          lemuel_fruit_fields, lemuel_fruit_fields
Lair:2:   dpeg_oklob_gauntlet, layout_regular_city, portal_ice_cave_rime,
          grunt_megastairs_5
Lair:3:   layout_regular_city, spider_nest_entry_webs, minivault_29,
          serial_bayou_shore_a
Lair:4:   layout_hall_layers, minmay_swamp_entry_eels, serial_bayou_shore_b,
          lemuel_fruit_fields, serial_bayou_shore_b, uniq_urug, uniq_josephine
Lair:5:   layout_concentric_octagons, grunt_megastairs_2
Lair:6:   evilmike_catoblepas_cave, layout_hall_layers, slime_altar_2,
          lemuel_oklob_altar, infiniplex_staircase_pool
Swamp:1:  layout_basic_swamp, evilmike_swamp_ruin_house_2, swamp_pool2,
          uniq_louise
Orc:1:    layout_diamond_mine, serial_shops, shop
Orc:2:    st_orc_ogre_mass, layout_caves, mines1_david
Abyss:3:  base: Orc:2, gammafunk_abyss_exit_x_factor,
          hangedman_grunt_abyss_rune_horror_hoard,
          hangedman_grunt_abyss_rune_horror_hoard, minivault_26,
          hangedman_abyss_overflow_altar, hangedman_abyss_overflow_altar,
          evilmike_abyss_exit_7, evilmike_abyss_rune_ettins

Skill      XL: |  1  2  3  4  5  6  7  8  9 10 11 12 13 14 15 16 |
---------------+-------------------------------------------------+-----
Axes           | 3 5 6 8 10 13 14 15 16 19 20 | 20.0
Armour         | 4 5 6 7 10 11 12 13 14 15 | 15.5
Shields        | 4 5 6 7 10 11 12 13 14 15 | 15.0
Dodging        | 1 3 5 6 8 9 10 | 10.8
Invocations    | 2 4 5 6 8 9 10 | 10.3
Fighting       | 4 7 8 10 | 10.9
Throwing       | 3 5 6 |  6.4

Action                   |  1- 3 |  4- 6 |  7- 9 | 10-12 | 13-15 | 16-18 || total
-------------------------+-------+-------+-------+-------+-------+-------++-------
Melee: War axe           |    43 |    91 |   294 |   650 |   348 |       ||  1426
       Headbutt          |     8 |    13 |    65 |   151 |   278 |    90 ||   605
       Mace              |       |       |       |     5 |    11 |       ||    16
       Broad axe         |       |       |       |       |   826 |   385 ||  1211
Throw: Javelin           |       |       |       |       |     7 |       ||     7
Invok: Lesser Servant of |       |       |       |    10 |     2 |       ||    12
       Minor Destruction |       |       |       |     7 |       |     2 ||     9
       Greater Servant o |       |       |       |       |     4 |     1 ||     5
       Major Destruction |       |       |       |       |     2 |    10 ||    12
Evoke: Wand              |       |       |     1 |     1 |       |       ||     2
       Condenser vane    |       |       |       |       |     1 |       ||     1
  Use: Scroll            |       |       |    19 |     3 |    26 |     1 ||    49
       Potion            |       |       |     1 |     4 |     1 |     3 ||     9
 Stab: Invisible         |       |       |       |    12 |       |       ||    12
       Confused          |       |       |       |       |     2 |       ||     2
       Distracted        |       |       |       |       |     1 |       ||     1
Armor: Scale mail        |     9 |       |       |       |       |       ||     9
       Chain mail        |    14 |    86 |       |       |       |       ||   100
       Plate armour      |       |     6 |    77 |       |       |       ||    83
       Pearl dragon scal |       |       |    57 |   198 |   294 |   126 ||   675
Dodge: Dodged            |    15 |    39 |    62 |   226 |   595 |   116 ||  1053
Block: Kite shield       |    29 |    69 |   143 |   308 |   734 |   195 ||  1478
